 Dungeon Crawl Stone Soup version 0.30.1-3-gfc49f6343a (webtiles) character file.

Game seed: 15131789347207134522

3959 KyoPewz the Purveyor of Pain (level 10, -5/79 HPs)
             Began as a Human Necromancer on Aug 5, 2023.
             Was an Initiate of Kikubaaqudgha.
             Killed by the air
             ... invoked by Gastronok
              (29 damage)
             ... on level 8 of the Dungeon.
             The game lasted 00:45:36 (9552 turns).

KyoPewz the Purveyor of Pain (Human Necromancer)    Turns: 9552, Time: 00:45:36

Health: -5/79      AC:  4    Str: 17    XL:     10   Next: 45%
Magic:  11/23      EV: 12    Int: 19    God:    Kikubaaqudgha [......]
Gold:   194        SH:  0    Dex: 13    Spells: 2/15 levels left

rFire   . . .        a - +4 spear "Hangeras" {pain, Fly rF- Str+7 Stlth-}
rCold   . . .        (no shield)
rNeg    . . .        D - +0 robe
rPois   .            v - +0 helmet
rElec   .            p - +0 cloak
rCorr   .            (no gloves)
SInv    .            (no boots)
Will    .....        A - amulet of the acrobat
Stlth   +            f - ring of magical power
HPRegen 0.33/turn    F - ring of protection from fire
MPRegen 0.18/turn

%: acrobat
@: flying, studying Earth Magic
A: no striking features
a: Renounce Religion


You were on level 8 of the Dungeon.
You worshipped Kikubaaqudgha.
Kikubaaqudgha was noncommittal.
You visited 2 branches of the dungeon, and saw 9 of its levels.
You also visited: Sewer and Ossuary.

You collected 405 gold pieces.
You spent 211 gold pieces at shops.

Inventory:

Hand Weapons
 a - the +4 spear "Hangeras" (weapon) {pain, Fly rF- Str+7 Stlth-}
   (You found it on level 3 of the Dungeon)

   Str:       It affects your strength (+7).
   rF:        It makes you vulnerable to fire.
   Fly:       It grants you flight.
   Stlth:     It makes you less stealthy.
 b - a +2 dagger of holy wrath
 x - a +1 short sword of speed
 H - the +0 spear of Fedhas's Condemnation {pain, Str+5 Dex+3}
   (You took it off a gnoll on level 3 of the Dungeon)

   Str:       It affects your strength (+5).
   Dex:       It affects your dexterity (+3).
 I - a +3 spear of venom
Missiles
 e - 100 stones
 y - 15 poisoned darts
 E - 2 throwing nets
 R - 4 boomerangs
Armour
 g - a +0 kite shield
 p - a +0 cloak (worn)
 v - a +0 helmet (worn)
 D - a +0 robe (worn)
 J - a +0 ring mail of positive energy
Magical Staves
 V - a staff of earth
Jewellery
 f - a ring of magical power (left hand)
 A - an amulet of the acrobat (around neck)
 F - a ring of protection from fire (right hand)
Wands
 l - a wand of paralysis (24)
 L - a wand of quicksilver (11)
 O - a wand of iceblast (9)
Scrolls
 i - 2 scrolls of amnesia {unknown}
 k - 4 scrolls of enchant armour {unknown}
 o - a scroll of butterflies {unknown}
 r - a scroll of identify
 s - 2 scrolls of silence {unknown}
 t - 8 scrolls of teleportation
 u - 3 scrolls of vulnerability {unknown}
 z - 2 scrolls of fog {unknown}
 B - 2 scrolls of blinking
 C - 2 scrolls of fear {unknown}
 G - 2 scrolls of poison {unknown}
 K - a scroll of magic mapping {unknown}
 M - 2 scrolls of noise {unknown}
 N - 3 scrolls of immolation {unknown}
 Q - 3 scrolls of enchant weapon
 T - a scroll of torment {unknown}
Potions
 c - 3 potions of cancellation
 d - a potion of might
 h - 2 potions of haste
 j - 3 potions of brilliance
 m - 2 potions of magic
 n - 2 potions of resistance
 q - 5 potions of curing
 w - 4 potions of berserk rage
 P - 2 potions of lignification
 S - a potion of attraction
 U - a potion of mutation


   Skills:
 - Level 7.0 Fighting
 + Level 7.9 Polearms
 - Level 2.0 Dodging
 - Level 2.0 Stealth
 - Level 3.0 Spellcasting
 - Level 10.3 Necromancy


You had 2 spell levels left.
You knew the following spells:

 Your Spells              Type           Power      Damage    Failure   Level
a - Necrotise             Necr           100%       1d9       1%          1
b - Agony                 Necr           42%        N/A       6%          5
x - Vampiric Draining     Necr           42%        2d9       1%          3
A - Animate Dead          Necr           42%        N/A       2%          4

Your spell library contained the following spells:

 Spells                   Type           Power      Damage    Failure   Level
 Cigotuvi's Dreadful Rot  Necr/Pois/Air  30%        N/A       5%          2
 Beastly Appendage        Tmut           4%         N/A       16%         1
 Wereblood                Tmut           2%         N/A       22%         2
 Call Canine Familiar     Summ           2%         N/A       41%         3
 Ignite Poison            Fire/Tmut/Pois 2%         N/A       41%         3
 Ozocubu's Armour         Ice            2%         N/A       41%         3
 Portal Projectile        Hex/Tloc       4%         N/A       41%         3
 Spider Form              Tmut/Pois      2%         N/A       41%         3
 Leda's Liquefaction      Hex/Erth       1%         N/A       83%         4
 Simulacrum               Ice/Necr       11%        N/A       95%         6
 Freezing Cloud           Conj/Ice/Air   1%         6-21      99%         5
 Metabolic Englaciation   Hex/Ice        1%         N/A       99%         5
 Ozocubu's Refrigeration  Ice            1%         4d7       100%        7


Dungeon Overview and Level Annotations

Branches:
Dungeon (8/15)             Temple (1/1) D:7           Sewer (visited)
Ossuary (visited)
   Lair: D:8-11

Altars:
Ashenzari
Cheibriados
Dithmenos
Elyvilon
Fedhas
Hepliaklqana
Kikubaaqudgha
Makhleb
Nemelex Xobeh
Okawaru
Qazlal
Ru
Sif Muna
Trog
Uskayaw
Vehumet
Yredelemnul
Zin
The Shining One

Shops:
D:5 *

Annotations:
D:8 Gastronok


Message History

Your orc zombie completely misses Gastronok.
You take 41 damage, and have 14/79 hp.
MASSIVE DAMAGE!!
MP restored: 23
Casting: Agony (dangerous; 6% risk of failure)
Confirm with . or Enter, or press ? or * to list all spells.
Aiming: Vampiric Draining (safe; 1% risk of failure)
Press: ? - help, Shift-Dir - straight line, f/p - Gastronok
Aim: Gastronok, wearing the +3 hat of Pondering {ponderous, Will+ MP+10 Int+5} (severely wounded, ally target)
You draw life force from Gastronok!
You feel life coursing into your body.
You regained 6 hp, and now have 20/79 hp.
You now have 20/23 mp.
Casting: Vampiric Draining (safe; 1% risk of failure)
Confirm with . or Enter, or press ? or * to list all spells.
Aiming: Vampiric Draining (safe; 1% risk of failure)
Press: ? - help, Shift-Dir - straight line, f/p - Gastronok
Aim: Gastronok, wearing the +3 hat of Pondering {ponderous, Will+ MP+10 Int+5} (severely wounded, ally target)
You draw life force from Gastronok!
You feel life coursing into your body.
Your orc zombie hits Gastronok but does no damage.
Gastronok bites you!
* * * LOW HITPOINT WARNING * * *
You take 5 damage, and have 15/79 hp.
You now have 17/23 mp.
Casting: Vampiric Draining (safe; 1% risk of failure)
Confirm with . or Enter, or press ? or * to list all spells.
Aiming: Vampiric Draining (safe; 1% risk of failure)
Press: ? - help, Shift-Dir - straight line, f/p - Gastronok
Aim: Gastronok, wearing the +3 hat of Pondering {ponderous, Will+ MP+10 Int+5} (severely wounded, ally target)
You draw life force from Gastronok!
You feel life coursing into your body.
Your orc zombie hits Gastronok but does no damage.
You regained 4 hp, and now have 19/79 hp.
You now have 14/23 mp.
Casting: Vampiric Draining (safe; 1% risk of failure)
Confirm with . or Enter, or press ? or * to list all spells.
Aiming: Vampiric Draining (safe; 1% risk of failure)
Press: ? - help, Shift-Dir - straight line, f/p - Gastronok
Aim: Gastronok, wearing the +3 hat of Pondering {ponderous, Will+ MP+10 Int+5} (severely wounded, ally target)
You draw life force from Gastronok!
You feel life coursing into your body.
Gastronok waves his eye-stalks in wide circles.
The air twists around and strikes you!!
You die...
Kikubaaqudgha rasps: "You have failed me!
Welcome... death!"

########
##################......#####
#.Z..Z.Z.....................
#Z################.#.........
#Z############# #.#.##.###.#
#.#......).)..# #.#.##.# #..
#.#.####.###@.# #.#.##.# ###
#.#.# #.#..w..# #.#.##.# ##
####Z#.####.#..Z..# #.#.##..
...
#...........#.........#.####
### .............#.....###
#.# .#.##.#.####.#.....# #.#
#. #.#.# #.####.## # #.#.# .#
#.#.#


You could see Gastronok (ally target) and a friendly orc zombie.

Vanquished Creatures
  A two-headed ogre (D:7)
  Psyche (D:8)
  Sigmund (D:2)
  4 yaks (D:7)
  A sky beast (D:7)
  An ice beast (D:7)
  2 black bears
  An ogre (D:4)
  2 centaurs
  A phantom (D:6)
  A kobold brigand (D:4)
  Blork the orc (D:6)
  5 bullfrogs
  A gnoll sergeant (D:8)
  2 scorpions
  A wight (D:7)
  3 hounds
  2 jellies (D:4)
  A gnoll bouda (D:6)
  4 orc priests
  A sleepcap (D:6)
  An iguana (D:7)
  Jessica (D:3)
  3 orc wizards (D:8)
  14 mummies
  The ghost of YordlordTheGreat the Sneak, a weakling FeDe (D:3)
  Robin (D:2)
  11 adders
  14 gnolls
  3 river rats (D:4)
  A shadow imp (D:7)
  2 worms (D:2)
  3 dart slugs
  6 orcs
  7 ball pythons
  4 endoplasms
  14 giant cockroaches
  12 goblins
  9 hobgoblins
  7 jackals
  8 kobolds
  2 quokkas
  4 bats
  8 frilled lizards
  5 goblin skeletons (Ossuary)
  3 kobold skeletons (Ossuary)
  7 rats
  11 rat skeletons (Ossuary)
199 creatures vanquished.

Vanquished Creatures (collateral kills)
  A frilled lizard (D:2)
  A rat (D:1)
2 creatures vanquished.

Vanquished Creatures (others)
  An orc zombie (D:8)
  3 gnoll zombies
4 creatures vanquished.

Grand Total: 205 creatures vanquished

Notes
Turn   | Place    | Note
-------+----------+-------------------------------------------
     0 | D:1      | KyoPewz the Human Necromancer began the quest for the Orb.
     0 | D:1      | Reached XP level 1. HP: 13/13 MP: 3/3
   324 | D:1      | Reached XP level 2. HP: 19/19 MP: 3/5
   917 | D:2      | Reached XP level 3. HP: 24/24 MP: 4/6
  1092 | D:2      | Noticed Sigmund
  1141 | D:1      | Learned a level 3 spell: Vampiric Draining
  1466 | D:2      | Noticed Robin
  1499 | D:2      | Reached XP level 4. HP: 28/30 MP: 6/8
  1648 | D:2      | Reached skill level 5 in Necromancy
  1998 | D:2      | Killed Sigmund
  1999 | D:2      | Reached skill level 6 in Necromancy
  1999 | D:2      | Reached XP level 5. HP: 35/35 MP: 0/9
  1999 | D:2      | Reached XP level 6. HP: 41/41 MP: 0/10
  2027 | D:2      | Killed Robin
  2134 | D:2      | Learned a level 4 spell: Animate Dead
  2268 | D:3      | Noticed Jessica
  2281 | D:3      | Killed Jessica
  2339 | D:3      | Found a transporter.
  2358 | D:3      | Identified the +10 whip "Qexuny" {elec, rElec rN++}
  2426 | D:3      | Found a transporter.
  2448 | D:3      | Identified the +0 spear of Fedhas's Condemnation {pain,
                  | Str+5 Dex+3}
  2700 | D:3      | Identified the +4 spear "Hangeras" {pain, Fly rF- Str+7
                  | Stlth-}
  2764 | D:3      | Found a faded altar of an unknown god.
  2908 | D:3      | Paralysed by a gnoll for 5 turns
  2909 | D:3      | Reached skill level 7 in Necromancy
  2961 | D:3      | Noticed YordlordTheGreat's ghost (weakling FeDe)
  2972 | D:3      | Killed YordlordTheGreat's ghost
  3255 | D:4      | Reached XP level 7. HP: 34/46 MP: 11/11
  3485 | D:4      | Reached skill level 8 in Necromancy
  3632 | D:4      | Found a glowing drain.
  3641 | Sewer    | Entered a sewer
  3778 | Sewer    | Reached skill level 9 in Necromancy
  3778 | Sewer    | Reached XP level 8. HP: 41/52 MP: 11/12
  4585 | D:5      | Entered Level 5 of the Dungeon
  4602 | D:5      | Learned a level 5 spell: Agony
  4866 | D:5      | Found Lari's General Store.
  4871 | D:5      | Bought a potion of lignification for 33 gold pieces
  4871 | D:5      | Bought a wand of paralysis (2) for 52 gold pieces
  4871 | D:5      | Bought a potion of curing for 33 gold pieces
  4871 | D:5      | Bought a potion of degeneration for 11 gold pieces
  4871 | D:5      | Bought a scroll of enchant weapon for 82 gold pieces
  4889 | D:5      | Reached skill level 10 in Necromancy
  5085 | D:5      | Found a burning altar of Makhleb.
  5212 | D:5      | Found a bloodstained altar of Trog.
  5295 | D:5      | Found a sand-covered staircase.
  5307 | Ossuary  | Entered an ossuary
  5754 | Ossuary  | Reached skill level 1 in Fighting
  5754 | Ossuary  | Reached skill level 1 in Polearms
  6539 | D:6      | Noticed Blork the orc
  6548 | D:6      | Killed Blork the orc
  6549 | D:6      | Reached XP level 9. HP: 49/61 MP: 13/13
  6683 | D:6      | Found a blossoming altar of Fedhas.
  7133 | D:6      | Found a snail-covered altar of Cheibriados.
  7160 | D:6      | Found a hide-covered altar of Uskayaw.
  7558 | D:7      | Reached skill level 5 in Fighting
  7558 | D:7      | Reached skill level 5 in Polearms
  7823 | D:7      | Noticed a two-headed ogre
  8058 | D:7      | Found a staircase to the Ecumenical Temple.
  8086 | Temple   | Entered the Ecumenical Temple
  8275 | D:7      | Found a glowing golden altar of the Shining One.
  8275 | D:7      | Found a white marble altar of Elyvilon.
  8283 | D:7      | Found a sparkling altar of Nemelex Xobeh.
  8285 | D:7      | Found a shadowy altar of Dithmenos.
  8287 | D:7      | Found a glowing silver altar of Zin.
  8433 | D:7      | Killed a two-headed ogre
  8434 | D:7      | Reached XP level 10. HP: 22/77 MP: 10/14
  8716 | D:7      | Found an ancient bone altar of Kikubaaqudgha.
  8719 | D:7      | Became a worshipper of Kikubaaqudgha
  8732 | D:7      | Found a broken altar of Ashenzari.
  9000 | D:7      | HP: 1/70 [wight/+0 battleaxe (7)]
  9322 | D:8      | Noticed Psyche
  9327 | D:8      | Killed Psyche
  9525 | D:8      | Noticed Gastronok
  9552 | D:8      | Killed from afar by Gastronok

Illustrated notes

Levels and vault maps discovered:
D:1:      dpeg_arrival_short_road, layout_basic
D:2:      layout_basic, uniq_sigmund, uniq_robin
D:3:      layout_loops_ring, gammafunk_ghost_gnarly_gnolls,
          hellmonk_ecumenical_altar_leap_of_faith, uniq_jessica
D:4:      layout_cave_pods, portal_sewer_entry_b
D:5:      black_bear_nest_2, layout_basic, trog_book,
          lemuel_coloured_pillars_altar, gup_ossuary_entry_pyramid,
          serial_shops, shop
D:6:      layout_cave_pools, fedhas_bush_and_centaur_altar, old_standard_altar,
          cheibriados_altar_1, serial_rivers, chequers_serial_rivers_micro_a,
          chequers_serial_rivers_small_b, chequers_serial_rivers_micro_c,
          chequers_serial_rivers_large_b, uniq_blork_the_orc
D:7:      layout_loops_ring, mainiacjoe_overflow_tiny_flanked,
          chequers_temple_overflow_minitemple, kennysheep_mini,
          minmay_temple_entry_mini_moons
D:8:      layout_loops_ring, mainiacjoe_overflow_alcove_2,
          nicolae_shop_firing_range, uniq_gastronok, uniq_psyche
Temple:   nicolae_temple_bog_church

Skill      XL: |  1  2  3  4  5  6  7  8  9 10 |
---------------+-------------------------------+-----
Spellcasting   | 3 |  3.0
Necromancy     | 6 7 9 10 | 10.3
Fighting       | 2 6 7 |  7.0
Polearms       | 2 6 7 |  7.9
Dodging        | |  2.0
Stealth        | |  2.0

Action                     |  1- 3 |  4- 6 |  7- 9 | 10-12 || total
---------------------------+-------+-------+-------+-------++-------
  Melee: Short sword       |     5 |       |       |       ||     5
         Dagger            |     5 |    37 |   131 |    14 ||   187
         Spear             |       |    20 |   279 |    42 ||   341
         Punch             |       |     1 |     7 |     1 ||     9
  Throw: Dart              |       |       |     5 |       ||     5
         Boomerang         |       |       |       |     1 ||     1
   Cast: Necrotise         |    59 |    39 |    17 |    19 ||   134
         Vampiric Draining |       |     6 |    30 |     7 ||    43
         Animate Dead      |       |       |     3 |     3 ||     6
         Agony             |       |       |       |     4 ||     4
  Evoke: Wand              |       |       |     1 |     1 ||     2
    Use: Potion            |     1 |       |       |     1 ||     2
         Scroll            |       |       |     8 |     1 ||     9
   Stab: Distracted        |     1 |       |       |     1 ||     2
         Sleeping          |       |       |     7 |       ||     7
 Armour: Robe              |     7 |    14 |    48 |     7 ||    76
  Dodge: Dodged            |    32 |    41 |   177 |    18 ||   268
